 Dungeon Crawl Stone Soup version 0.26.0-10-g1f06aea511 (webtiles) character file.

Game seed: 4568392237880656533

532 night the Slinger (level 7, -5/49 HPs)
             Began as a Halfling Hunter on Jan 24, 2021.
             Killed by divine providence
             ... invoked by an orc priest
              (12 damage)
             ... on level 5 of the Dungeon.
             The game lasted 00:08:35 (4087 turns).

night the Slinger (Halfling Hunter)                 Turns: 4087, Time: 00:08:35

Health: -5/49      AC:  8    Str: 15    XL:     7   Next: 49%
Magic:  7/7        EV: 11    Int:  9    God:
Gold:   278        SH:  4    Dex: 15    Spells: 6/6 levels left

rFire    . . .     SeeInvis +   w - +0 long sword
rCold    . . .     Faith    .   f - +0 buckler
rNeg     . . .     Spirit   .   x - +0 scale mail
rPois    .         Reflect  .   (no helmet)
rElec    .         Harm     .   (no cloak)
rCorr    .         Rampage  .   i - +0 pair of gloves
Will     .....                  o - +0 pair of boots
Stlth    ..........             (no amulet)
HPRegen  0.16/turn              (no ring)
MPRegen  0.10/turn              u - ring of see invisible

@: lethally poisoned (-5 -> -8), attractive
A: small, mutation resistance 1
a: no special abilities


You were on level 5 of the Dungeon.
You visited 1 branch of the dungeon, and saw 5 of its levels.

You collected 278 gold pieces.

Inventory:

Hand Weapons
 a - a +2 hunting sling
 b - a +0 short sword
 w - a +0 long sword (weapon)
Missiles
 d - 5 poisoned darts (quivered)
 h - 75 sling bullets
 j - 63 stones
Armour
 f - a +0 buckler (worn)
 i - a +0 pair of gloves (worn)
 o - a +0 pair of boots (worn)
 q - a +0 ring mail
 x - a +0 scale mail (worn)
Jewellery
 m - an uncursed ring of ice
 u - a ring of see invisible (right hand)
Wands
 c - a wand of digging (1)
 s - a wand of iceblast (11)
Scrolls
 l - 5 scrolls of identify {unknown}
 r - a scroll of remove curse
 y - 2 scrolls of amnesia
 z - a scroll of magic mapping {unknown}
Potions
 e - a potion of resistance {unknown}
 g - a potion of brilliance {unknown}
 k - a potion of attraction
 n - a potion of ambrosia {unknown}
 p - 3 potions of heal wounds {unknown}
 t - 2 potions of degeneration {unknown}
 v - a potion of berserk rage {unknown}
 A - a potion of haste {unknown}


   Skills:
 + Level 4.9 Fighting
 + Level 1.3 Long Blades
 + Level 9.4 Slings
 - Level 2.1 Dodging
 - Level 1.1 Stealth


You had 6 spell levels left.
You didn't know any spells.
Your spell library was empty.

Dungeon Overview and Level Annotations

Branches:
Dungeon (5/15)
 Temple: D:4-7

Altars:
Ashenzari
Elyvilon
Gozag
Kikubaaqudgha
Vehumet
Zin


Innate Abilities, Weirdness & Mutations

You are small and have problems with some larger weapons.
You are somewhat resistant to further mutation.


Message History

You feel sick.
The worker ant bites you but does no damage.
You closely miss the worker ant.
The worker ant is almost dead.
You block the worker ant's attack.
The orc priest calls down the wrath of Beogh upon you.
Beogh smites you!
* * * LOW HITPOINT WARNING * * *
The worker ant closely misses you.
You hit the worker ant but do no damage.
The worker ant is almost dead.
You feel sick. The worker ant barely misses you.
You riposte.
You hit the worker ant.
You kill the worker ant!
It was a potion of attraction.
You feel attractive to monsters.
You feel sick. The adder bites you but does no damage.
The orc priest invokes the aid of Beogh against you.
Beogh smites you!
You die...

#####≈≈....# #.#
≈≈≈≈≈≈≈....# #.#
≈≈≈≈≈≈≈.#.## #.#
..).......# #.#
.##..##.##.)....
....##..# ...... .
..####.###...... .(
.. #........... ..(
#@##.##..##. ....
#S#......#
##...####o#......#
.....(..#.o......#
(....(((.†.......#
......(...##........
#....#.#..#......###
#.#..............#
.........###.....#


You could see an orc priest, an orc wizard (invisible) and an adder.

Vanquished Creatures
  Sigmund (D:2)
  An ogre (D:4)
  A scorpion (D:4)
  An iguana (D:4)
  2 worker ants (D:5)
  A hound skeleton (D:4)
  6 adders
  An ooze (D:4)
  3 worms
  3 dart slugs
  3 leopard geckos
  4 orcs
  A ball python (D:1)
  7 bats
  7 giant cockroaches
  9 goblins
  7 hobgoblins
  3 jackals (D:2)
  8 kobolds
  A quokka (D:4)
  6 frilled lizards
  2 jackal skeletons (D:4)
  7 rats
85 creatures vanquished.

Vanquished Creatures (others)
  95 plants (D:1)
95 creatures vanquished.

Grand Total: 180 creatures vanquished

Notes
Turn   | Place    | Note
-------+----------+-------------------------------------------
     0 | D:1      | night the Halfling Hunter began the quest for the Orb.
     0 | D:1      | Reached XP level 1. HP: 14/14 MP: 1/1
    27 | D:1      | Reached skill level 6 in Slings
    36 | D:1      | Reached XP level 2. HP: 11/19 MP: 2/2
   542 | D:1      | Reached XP level 3. HP: 18/25 MP: 3/3
  1180 | D:2      | Reached XP level 4. HP: 30/30 MP: 4/4
  1225 | D:2      | Found a broken altar of Ashenzari.
  1269 | D:2      | Noticed Sigmund
  1286 | D:2      | Killed Sigmund
  1287 | D:2      | Reached skill level 8 in Slings
  1287 | D:2      | Reached XP level 5. HP: 33/37 MP: 5/5
  1287 | D:2      | Reached XP level 6. HP: 38/43 MP: 6/6
  2220 | D:3      | Found a white marble altar of Elyvilon.
  2343 | D:3      | Found a radiant altar of Vehumet.
  2556 | D:3      | Found a glowing silver altar of Zin.
  2875 | D:3      | Found an opulent altar of Gozag.
  3230 | D:4      | Noticed an ogre
  3244 | D:4      | Killed an ogre
  3292 | D:4      | Reached skill level 9 in Slings
  3292 | D:4      | Reached XP level 7. HP: 21/49 MP: 7/7
  3633 | D:4      | Found an ancient bone altar of Kikubaaqudgha.
  3690 | D:4      | Reached skill level 1 in Long Blades
  3960 | D:5      | Entered Level 5 of the Dungeon
  4087 | D:5      | Killed from afar by an orc priest

Illustrated notes

Levels and vault maps discovered:
D:1:      roderic_crop_circles_arrival_small, layout_rooms
D:2:      layout_loops_ring, evilmike_ruin_ashenzari, minivault_11,
          kennysheep_nub, uniq_sigmund
D:3:      layout_loops_ring, pdpol_temple_overflow_zin_treasury_gozag_greed,
          old_standard_altar, elyvilon_altar_5
D:4:      wad_crossroads, layout_rooms, lemuel_round_altar
D:5:      layout_rooms, gammafunk_ghost_gnarly_gnolls,
          chequers_serial_rivers_room_b, uniq_eustachio

Skill      XL: |  1  2  3  4  5  6  7 |
---------------+----------------------+-----
Slings         | 6 8 9 |  9.4
Fighting       | 2 3 4 |  4.9
Long Blades    | 1 |  1.3
Dodging        | |  2.1
Stealth        | |  1.1

Action                   |  1- 3 |  4- 6 |  7- 9 || total
-------------------------+-------+-------+-------++-------
Melee: Short sword       |    82 |   149 |     2 ||   233
       Hunting sling     |       |     1 |       ||     1
       Long sword        |       |    19 |    26 ||    45
 Fire: Hunting sling     |    25 |    27 |    34 ||    86
Throw: Dart              |       |     2 |       ||     2
  Use: Scroll            |       |     4 |       ||     4
       Potion            |       |       |     1 ||     1
 Stab: Sleeping          |     1 |     3 |       ||     4
Armor: Leather armour    |    24 |     7 |       ||    31
       Scale mail        |       |    27 |    17 ||    44
       Ring mail         |       |    16 |       ||    16
Dodge: Dodged            |    71 |   106 |    24 ||   201
Block: Buckler           |     9 |    38 |     9 ||    56
       Rpst.: Long sword |       |     3 |     9 ||    12
